 Dungeon Crawl Stone Soup version 0.30-a0-738-g116ff8c4af (webtiles) character file.

Game seed: 18333670372629751465

103 Bikalo the Magician (level 5, -2/37 HPs)
             Began as a Djinni Fire Elementalist on Feb 3, 2023.
             Slain by bezhaha's ghost (16 damage)
             ... on level 3 of the Dungeon.
             The game lasted 00:09:33 (2893 turns).

Bikalo the Magician (Djinni Fire Elementalist)      Turns: 2893, Time: 00:09:33

Health: -2/37      AC:  3    Str:  7    XL:     5   Next: 6%
Gold:   179        EV: 13    Int: 19    God:
                   SH:  0    Dex: 19

rFire   + + .      SeeInvis .    (no weapon)
rCold   x . .      Faith    .    (no shield)
rNeg    . . .      Spirit   .    a - +0 robe
rPois   ∞          Reflect  .    (no helmet)
rElec   .          Harm     .    (no cloak)
rCorr   .          Rampage  .    k - +0 pair of gloves
Will    .....                    (boots unavailable)
Stlth   ++                       (no amulet)
HPRegen 0.26/turn                i - +6 ring of dexterity
MPRegen 0.00/turn                (no ring)

@: flying, very slightly contaminated
A: sickness immunity, fire resistance 2, cold vulnerability 1, float, innate
caster, HP casting, extra vitality 1
a: no special abilities


You were on level 3 of the Dungeon.
You visited 1 branch of the dungeon, and saw 3 of its levels.

You collected 179 gold pieces.

Inventory:

Armour
 a - a +0 robe (worn)
 k - a +0 pair of gloves (worn)
Jewellery
 i - a +6 ring of dexterity (left hand)
Scrolls
 d - 2 scrolls of enchant armour {unknown}
 e - 2 scrolls of noise {unknown}
 g - a scroll of fog {unknown}
 h - a scroll of poison {unknown}
 l - 2 scrolls of identify {unknown}
Potions
 b - a potion of magic
 c - a potion of might {unknown}
 f - a potion of attraction {unknown}
 j - 2 potions of mutation {unknown}
 m - a potion of resistance {unknown}
 n - a potion of brilliance {unknown}


   Skills:
 + Level 1.5 Fighting
 + Level 3.2 Dodging
 - Level 2.0 Stealth
 * Level 3.3 Spellcasting


You couldn't memorise any spells.
You knew the following spells:

 Your Spells              Type           Power      Damage    Failure   Level
a - Foxfire               Conj/Fire      60%        2x1d7     3%          1
b - Scorch                Fire           30%        2d7       5%          2
c - Kindle Blastsparks    Fire/Tloc/Air  30%        2d12      11%         3
d - Inner Flame           Hex/Fire       15%        N/A       11%         3
e - Flame Wave            Conj/Fire      15%        2d7       36%         4
f - Freeze                Ice            60%        1d7       3%          1
g - Blink                 Tloc           30%        N/A       5%          2
Your spell library was empty.

Dungeon Overview and Level Annotations

Branches:
Dungeon (3/15)

Altars:

Annotations:
D:3 bezhaha's ghost, amateur OgCA


Innate Abilities, Weirdness & Mutations

You are immune to sickness and miasma.
You are immune to poison.
Your flesh is very heat resistant. (rF++)
You are vulnerable to cold. (rC-)
You float through the air rather than walking.
You learn spells naturally, not from books.
Your magical power is your life essence.
You have superior vitality. (+4 MHP)


Message History

You start resting.
HP restored.
You start waiting.
Done waiting.
You start waiting.
Done waiting.
Found a scale mail.
Found a stone staircase leading down.
There is a stone staircase leading down here.
Bezhaha's ghost turns its malevolent gaze towards you.
Bezhaha's ghost is nearby!
Casting: Freeze (safe; 3% risk of failure)
Confirm with . or Enter, or press ? or * to list all spells.
A cloud of volatile blastsparks flares up around you!
The cloud of blastsparks explodes!
The concussive blast engulfs bezhaha's ghost.
Bezhaha's ghost resists.
Bezhaha's ghost is lightly damaged.
You hear a shout!
You hear an angry hiss.
Casting: Kindle Blastsparks (dangerous; 11% risk of failure)
Confirm with . or Enter, or press ? or * to list all spells.
You miscast Foxfire.
You are very lightly contaminated with residual magic.
Nothing appears to happen.
Casting: Foxfire (safe; 3% risk of failure)
Confirm with . or Enter, or press ? or * to list all spells.
You conjure some foxfire!
Bezhaha's ghost hits you!
A goblin comes into view. It is wielding a +0 club.
Casting: Foxfire (safe; 3% risk of failure)
Confirm with . or Enter, or press ? or * to list all spells.
You conjure some foxfire!
The foxfire hits bezhaha's ghost.
Bezhaha's ghost resists.
Bezhaha's ghost is lightly damaged.
The foxfire hits bezhaha's ghost.
Bezhaha's ghost resists.
Bezhaha's ghost is lightly damaged.
Bezhaha's ghost hits you!
Casting: Foxfire (safe; 3% risk of failure)
Confirm with . or Enter, or press ? or * to list all spells.
You conjure some foxfire!
Bezhaha's ghost hits you!
You die...

.. #.# #' #.#
#. #.# #.
#.###### ##g##
#.......
###...###
#.######
...#....#
#.......
#...#W######.#
########
#....v@v.....#
##.##v########
#.##.#
#[####.##.#
#.........#
########.####
#......#.#
#.####.#.#
#####.####.#.#


You could see bezhaha's ghost (ally target) and a goblin.

Vanquished Creatures
  5 adders
  A worm (D:2)
  5 dart slugs
  4 ball pythons
  2 bats
  5 endoplasms
  3 giant cockroaches
  3 goblins
  3 hobgoblins
  2 jackals (D:1)
  2 quokkas (D:2)
  6 frilled lizards
  2 kobolds (D:2)
  A rat (D:1)
44 creatures vanquished.

Vanquished Creatures (others)
  130 foxfires
130 creatures vanquished.

Grand Total: 174 creatures vanquished

Notes
Turn   | Place    | Note
-------+----------+-------------------------------------------
     0 | D:1      | Bikalo the Djinni Fire Elementalist began the quest for the
                  | Orb.
     0 | D:1      | Bikalo set off with the following spells memorised:
                  | Foxfire, Scorch, Kindle Blastsparks, Inner Flame, Flame
                  | Wave.
     0 | D:1      | Reached XP level 1. HP: 15/15 MP: 0/0
   251 | D:1      | Reached XP level 2. HP: 18/21 MP: 0/0
   653 | D:2      | Reached XP level 3. HP: 23/26 MP: 0/0
   653 | D:2      | Learned a level 1 spell: Freeze
   916 | D:2      | Reached skill level 1 in Fighting
   941 | D:2      | Reached XP level 4. HP: 26/32 MP: 0/0
  2236 | D:3      | Reached XP level 5. HP: 25/37 MP: 0/0
  2236 | D:3      | Learned a level 2 spell: Blink
  2496 | D:3      | Found a runed translucent gate.
  2496 | D:3      | Found a runed translucent gate.
  2500 | D:3      | Found a runed translucent gate.
  2502 | D:3      | Noticed bezhaha's ghost (amateur OgCA)
  2893 | D:3      | Slain by bezhaha's ghost

Illustrated notes

Levels and vault maps discovered:
D:1:      lemuel_arrival_room, layout_basic, minmay_quantized
D:2:      kennysheep_six_static_rooms, layout_basic, grunt_ministairs_3,
          grunt_decor_one_mirror
D:3:      layout_loops_corners, gammafunk_ghost_necromancy, minivault_5,
          minmay_randomly_rotated_circles

Skill      XL: |  1  2  3  4 |
---------------+-------------+-----
Stealth        | 2 |  2.0
Fighting       | 1 |  1.5
Spellcasting   | 3 |  3.3
Dodging        | 3 |  3.2

Action                     |  1- 3 |  4- 6 || total
---------------------------+-------+-------++-------
  Melee: Unarmed           |     2 |       ||     2
   Cast: Foxfire           |    45 |    41 ||    86
         Kindle Blastspark |       |     7 ||     7
         Blink             |       |     1 ||     1
         Freeze            |       |     1 ||     1
 Armour: Robe              |     4 |     9 ||    13
  Dodge: Dodged            |    14 |    31 ||    45

Table legend: (Time is in decaauts)
 A = Elapsed time spent in this place.
 B = Non-inter-level travel time spent in this place.
 C = Inter-level travel time spent in this place.
 D = Time resting spent in this place.
 E = Time spent auto-exploring this place.
 F = Levels seen in this place.
 G = Mean time per level.
                   A        B        C        D        E       F      G
               +--------+--------+--------+--------+--------+-----+--------+
         Total |   2892 |   2827 |     65 |    476 |   1846 |   3 |  964.0 |
       Dungeon |   2892 |   2827 |     65 |    476 |   1846 |   3 |  964.0 |
               +--------+--------+--------+--------+--------+-----+--------+

Top non-repeatable levels by time:
     D:2: 1338 daAuts
     D:3: 925 daAuts
     D:1: 628 daAuts
